 Dungeon Crawl Stone Soup version 0.27.0-1-g7a089689b8 (webtiles) character file.

Game seed: 15394355122683052010

58 hawla the Grave Robber (level 3, 0/20 HPs)
             Began as a Deep Elf Necromancer on Aug 10, 2021.
             Slain by a gnoll (9 damage)
             ... on level 2 of the Dungeon.
             The game lasted 00:03:52 (1720 turns).

hawla the Grave Robber (Deep Elf Necromancer)       Turns: 1720, Time: 00:03:53

Health: 0/20       AC:  3    Str:  5    XL:     3   Next: 75%
Magic:  1/10       EV: 13    Int: 20    God:
Gold:   54         SH:  0    Dex: 15    Spells: 5/9 levels left

rFire    . . .     SeeInvis .   c - +0 short sword
rCold    . . .     Faith    .   (no shield)
rNeg     . . .     Spirit   .   a - +1 robe
rPois    .         Reflect  .   (no helmet)
rElec    .         Harm     .   (no cloak)
rCorr    .         Rampage  .   (no gloves)
Will     .....                  (no boots)
Stlth    ++........             (no amulet)
HPRegen  0.06/turn              (no ring)
MPRegen  0.12/turn              (no ring)

@: no status effects
A: no striking features
a: no special abilities


You were on level 2 of the Dungeon.
You visited 1 branch of the dungeon, and saw 2 of its levels.

You collected 54 gold pieces.

Inventory:

Hand Weapons
 c - a +0 short sword (weapon)
Armour
 a - a +1 robe (worn)
Scrolls
 b - a scroll of magic mapping
 e - a scroll of noise {unknown}
Potions
 f - a potion of ambrosia
 i - 2 potions of flight {unknown}


   Skills:
 - Level 1.0 Fighting
 - Level 3.0 Dodging
 - Level 3.0 Stealth
 + Level 3.7 Spellcasting
 + Level 5.4 Necromancy


You had 5 spell levels left.
You knew the following spells:

 Your Spells              Type           Power      Damage    Failure   Level
a - Pain                  Necr           100%       1d9       1%          1
b - Vampiric Draining     Necr           12%        2d7       4%          3

Your spell library contained the following spells:

 Spells                   Type           Power      Damage    Failure   Level
 Animate Skeleton         Necr           50%        N/A       1%          1
 Animate Dead             Necr           12%        N/A       14%         4
 Agony                    Necr           25%        N/A       36%         5


Dungeon Overview and Level Annotations

Branches:
Dungeon (2/15)

Altars:
Vehumet


Message History

Aim: a gnoll, wielding a +0 club and quivering a throwing net (chance to affect: 88%)
The gnoll writhes in agony.
Casting: Pain (safe; 1% risk of failure)
Confirm with . or Enter, or press ? or * to list all spells.
Aiming: Pain (safe; 1% risk of failure)
Press: ? - help, Shift-Dir - straight line, f/p - gnoll
Aim: a gnoll, wielding a +0 club and quivering a throwing net (heavily wounded, chance to affect: 88%)
The gnoll writhes in agony!
You kill the gnoll!
Training target 1.0 for Fighting reached!
Your Fighting skill increases to level 1!
Casting: Pain (safe; 1% risk of failure)
Confirm with . or Enter, or press ? or * to list all spells.
Aiming: Pain (safe; 1% risk of failure)
Press: ? - help, Shift-Dir - straight line, f - gnoll
Aim: a gnoll, wielding a +0 halberd (chance to affect: 89%)
The gnoll writhes in agony.
Casting: Pain (safe; 1% risk of failure)
Confirm with . or Enter, or press ? or * to list all spells.
Aiming: Pain (safe; 1% risk of failure)
Press: ? - help, Shift-Dir - straight line, f/p - gnoll
Aim: a gnoll, wielding a +0 halberd (lightly wounded, chance to affect: 89%)
The gnoll writhes in agony.
The gnoll barely misses you. The gnoll barely misses you.
The gnoll hits you with a +0 halberd!
Ouch! That really hurt!
* * * LOW HITPOINT WARNING * * *
Casting: Pain (safe; 1% risk of failure)
Confirm with . or Enter, or press ? or * to list all spells.
The spell is quite dangerous to cast (4% risk of failure)!
Continue anyway?
Aiming: Vampiric Draining (quite dangerous; 4% risk of failure)
Press: ? - help, Shift-Dir - straight line, f/p - gnoll
Aim: a gnoll, wielding a +0 halberd (moderately wounded)
You draw life force from the gnoll!
You feel life coursing into your body. The gnoll completely misses you.
It was a potion of curing.
You feel better. The gnoll misses you.
The gnoll hits you from afar with a +0 halberd.
There is a stone staircase leading up, spattered with blood here.
The gnoll hits you from afar with a +0 halberd!
You die...

.........######....##...#
#.........†<....##.##...## ##
##.........#######.#8...8# #.
.>.#######...# #.##...########.
....* ###.# ####...#.....##.
....#* ####.##### ##.##.....##.
.....####........# #..#.....##.
.................# ##.......##.
.............(..@#####...........
...............(..g)).......<.##.
###.................#####.....##.
**##.............##.#####.....##.
,........#...######.##........###
.........###..#* *#....##........
...#......,....#**....**##..##...
##.......####....,.....,*##..#...
*#......##,,,.....##....,,.......


You could see a gnoll.

Vanquished Creatures
  2 gnolls (D:2)
  A worm (D:2)
  2 dart slugs (D:1)
  3 endoplasms (D:1)
  A giant cockroach (D:1)
  2 goblins (D:1)
  4 hobgoblins
  5 ball pythons (D:1)
  A bat (D:1)
  3 frilled lizards
  4 kobolds (D:1)
  5 rats
33 creatures vanquished.

Notes
Turn   | Place    | Note
-------+----------+-------------------------------------------
     0 | D:1      | hawla the Deep Elf Necromancer began the quest for the Orb.
     0 | D:1      | Reached XP level 1. HP: 10/10 MP: 6/6
   198 | D:1      | Reached skill level 5 in Necromancy
   202 | D:1      | Reached XP level 2. HP: 3/15 MP: 0/8
  1292 | D:1      | Reached XP level 3. HP: 19/20 MP: 7/9
  1296 | D:1      | Learned a level 3 spell: Vampiric Draining
  1616 | D:2      | Found a radiant altar of Vehumet.
  1713 | D:2      | Reached skill level 1 in Fighting
  1720 | D:2      | Slain by a gnoll

Illustrated notes

Levels and vault maps discovered:
D:1:      lightli_arrival_quake, layout_loops_ring
D:2:      minmay_wonky_spiral, layout_rooms, basic_altar, serial_corexii_hall,
          corexii_hall_statues_t, chequers_hall_statues_y,
          uniq_crazy_yiuf_cottage

Skill      XL: |  1  2  3 |
---------------+----------+-----
Necromancy     | 5 |  5.4
Stealth        | 3 |  3.0
Dodging        | 3 |  3.0
Fighting       | 1 |  1.0
Spellcasting   | |  3.7

Action                   || total
-------------------------++-------
 Cast: Pain              ||    54
       Vampiric Draining ||     1
  Use: Scroll            ||     5
       Potion            ||     1
Dodge: Dodged            ||    11
